[Event "Titled Tuesday Blitz January 10 Early 2023"]
[White "Horvath, Dominik"]
[Black "Droin, Augustin"]
[WhiteFideId "1642561"]
[BlackFideId "45105987"]
[WhiteElo "2746"]
[BlackElo "2526"]
[Result "1-0"]
[Round "04"]
[TimeControl "180+1"]
[Date "2023.01.10"]
[WhiteClock "0:00:20"]
[BlackClock "0:00:15"]

1. f4 d5 2. Nf3 g6 3. d3 Bg7 4. Nbd2 c5 5. e4 Nc6 6. g3 e6 7. Bg2 Nge7 8. O-O O-O 9. c3 b5 10. a3 Rb8 11. Kh1 a5 12. e5 b4 13. axb4 axb4 14. c4 Bb7 15. Nb3 Qb6 16. Be3 d4 17. Bd2 Ra8 18. Qe2 Na5 19. Nc1 Ra7 20. g4 Rfa8 21. Ng5 Bxg2+ 22. Qxg2 Qc6 23. Ne4 Nb7 24. Rxa7 Rxa7 25. f5 Bh8 26. f6 Nc8 27. Qh3 Nbd6 28. exd6 Nxd6 29. Qg2 Ra1 30. Nxd6 Qxd6 31. Nb3 Rxf1+ 32. Qxf1 Qe5 33. g5 h6 34. Qf4 Qe2 35. gxh6 e5 36. h7+ Kxh7 37. Qh4+ Kg8 38. Kg1 Qd1+ 39. Qe1 Qxb3 40. Qxe5 Qd1+ 41. Be1 Qg4+ 42. Kf2 Qh4+ 43. Kf3 Qxf6+ 44. Qxf6 Bxf6 45. Bg3 Be7 46. Ke4 f5+ 47. Kd5 Kf7 48. h4 Kg7 49. Ke6 Bf8 50. Be5+ Kg8 51. h5 gxh5 52. Kxf5 Be7 53. Ke6 Bg5 54. Bd6 Kh7 55. Kf5 Bc1 56. b3 Bd2 57. Bxc5 Bc3 58. Kg5 Kg7 59. Kxh5 Kf6 60. Kg4 Ke5 61. Bf8 Bb2 62. Bg7+ Ke6 63. Kf4 1-0


[Site "https://www.chess.com"]

[Event "Titled Tuesday Blitz January 10 Early 2023"]
[White "Martynov, Pavel"]
[Black "Cherniaiev, Tykhon"]
[WhiteFideId "4101260"]
[BlackFideId "14182360"]
[WhiteElo "2524"]
[BlackElo "2741"]
[Result "0-1"]
[Round "04"]
[TimeControl "180+1"]
[Date "2023.01.10"]
[WhiteClock "0:00:01"]
[BlackClock "0:00:07"]

1. e4 e5 2. Nf3 Nc6 3. Bb5 Nf6 4. d3 Bc5 5. c3 O-O 6. Nbd2 a6 7. Ba4 d5 8. h3 b5 9. Bc2 Bb7 10. O-O Re8 11. Re1 Bb6 12. Qe2 b4 13. Nf1 bxc3 14. bxc3 a5 15. Ba4 dxe4 16. dxe4 Qc8 17. Ng3 Rd8 18. Nf5 Bc5 19. Bg5 Ba6 20. Qc2 Bd3 21. Qc1 Nxe4 22. Bxc6 Bxf2+ 23. Kh2 Qxf5 24. Bxd8 Rxd8 25. Bxe4 Bxe4 26. Rd1 Rb8 27. Qg5 Qxg5 28. Nxg5 Bg6 29. Nf3 Re8 30. Rd2 Be3 31. Rd7 e4 32. Nd4 c5 33. Nc6 Kf8 34. Re1 Bf4+ 35. g3 Bg5 36. h4 Bf6 37. Re3 h5 38. Rb7 a4 39. Rb8 Rxb8 40. Nxb8 Ke7 41. Na6 Kd6 42. c4 Kc6 43. Nb8+ Kc7 44. Na6+ Kd6 45. Re1 Bd4 46. Kg2 e3 47. Rd1 Bc2 48. Rc1 Be4+ 49. Kf1 Bd3+ 50. Kg2 e2 51. Nb8 Be4+ 52. Kh2 Bf2 53. Na6 e1=Q 54. Rxe1 Bxe1 0-1


[Site "https://www.chess.com"]

[Event "Titled Tuesday Blitz January 10 Early 2023"]
[White "Blohberger, Felix"]
[Black "Bazarov, Konstantin"]
[WhiteFideId "1632051"]
[BlackFideId "4137000"]
[WhiteElo "2437"]
[BlackElo "2228"]
[Result "0-1"]
[Round "04"]
[TimeControl "180+1"]
[Date "2023.01.10"]
[WhiteClock "0:00:01"]
[BlackClock "0:00:10"]

1. f4 d5 2. Nf3 Nf6 3. g3 g6 4. Bg2 Bg7 5. O-O c5 6. d3 d4 7. Na3 Nc6 8. Nc4 Be6 9. Nfe5 Nxe5 10. Nxe5 Bd5 11. c4 Bxg2 12. Kxg2 O-O 13. e4 dxe3 14. Bxe3 Qc7 15. Qf3 Rac8 16. Rad1 Nd7 17. Ng4 Bxb2 18. Rb1 Bg7 19. Rxb7 Qd6 20. Qd5 Qxd5+ 21. cxd5 Nb6 22. Rxa7 h5 23. Nf2 Nxd5 24. Re1 Nxe3+ 25. Rxe3 c4 26. dxc4 Bd4 27. Raxe7 Bxe3 28. Rxe3 Rxc4 29. a3 Ra8 30. Ne4 Rca4 31. Ng5 Rxa3 32. Re7 R3a7 33. Re3 Ra2+ 34. Kh3 R8a7 35. Re8+ Kg7 36. Nf3 Rf2 37. Re3 Raa2 38. Rb3 Rab2 39. Rc3 Kh6 40. Rd3 f6 41. Rc3 Rbc2 42. Rb3 Rb2 43. Ra3 Rfc2 44. Rd3 Rc6 45. Re3 g5 46. fxg5+ fxg5 47. g4 Rb4 48. Ne5 Rcb6 49. gxh5 Kxh5 0-1


[Site "https://www.chess.com"]

[Event "Titled Tuesday Blitz January 10 Early 2023"]
[White "Goldin, Alexander"]
[Black "Goryachkina, Aleksandra"]
[WhiteFideId "2019540"]
[BlackFideId "4147103"]
[WhiteElo "2515"]
[BlackElo "2471"]
[Result "0-1"]
[Round "04"]
[TimeControl "180+1"]
[Date "2023.01.10"]
[WhiteClock "0:00:01"]
[BlackClock "0:00:05"]

1. d4 Nf6 2. Nf3 d5 3. c4 e6 4. Nc3 Nbd7 5. cxd5 exd5 6. Bf4 c6 7. h3 Nb6 8. e3 Bf5 9. Nh4 Bg6 10. Nxg6 hxg6 11. Bd3 Bd6 12. Qf3 Bxf4 13. Qxf4 Qe7 14. O-O O-O 15. a3 Rfe8 16. Rae1 Ne4 17. Bxe4 dxe4 18. f3 exf3 19. Qxf3 Rad8 20. Re2 Nd5 21. e4 Nc7 22. Rd1 Ne6 23. Qf2 Qg5 24. g3 Qh5 25. Kg2 Ng5 26. h4 Ne6 27. Red2 Qg4 28. Qf3 Qxf3+ 29. Kxf3 f6 30. b4 Kf7 31. d5 cxd5 32. exd5 Nf8 33. Ne4 Re5 34. Nc5 b6 35. Ne4 Nd7 36. Nd6+ Kf8 37. Nc4 Re7 38. d6 Ne5+ 39. Kf4 Re6 40. Ne3 Kf7 41. Rd5 Rd7 42. g4 Re8 43. g5 Red8 44. R1d4 Ke6 45. Ke4 Rxd6 46. Rxd6+ Rxd6 47. Rxd6+ Kxd6 48. gxf6 gxf6 49. Kf4 Ke6 50. Nc2 Nd3+ 51. Ke4 Nb2 52. Nd4+ Kf7 53. Nb5 a6 54. Nc7 Nc4 0-1


[Site "https://www.chess.com"]

[Event "Titled Tuesday Blitz January 10 Early 2023"]
[White "Ibadov, Dashgyn"]
[Black "Orozbaev, Eldiar"]
[WhiteFideId "24107514"]
[BlackFideId "13802240"]
[WhiteElo "2208"]
[BlackElo "2154"]
[Result "0-1"]
[Round "04"]
[TimeControl "180+1"]
[Date "2023.01.10"]
[WhiteClock "0:00:01"]
[BlackClock "0:00:20"]

1. e4 e6 2. d4 d5 3. Nc3 Nf6 4. Bg5 dxe4 5. Nxe4 Be7 6. Bxf6 gxf6 7. Nf3 f5 8. Nc3 a6 9. d5 Bf6 10. Bc4 b5 11. Bb3 e5 12. O-O O-O 13. Qd2 Nd7 14. Rad1 Nc5 15. Qh6 Bg7 16. Qh5 Qd6 17. Rfe1 Nxb3 18. cxb3 Bd7 19. Nh4 b4 20. Ne2 f4 21. Nf5 Qf6 22. g4 Bxf5 23. gxf5 Kh8 24. Kh1 Rg8 25. Ng1 Bf8 26. Nf3 Bd6 27. Rg1 h6 28. Nd2 Rg5 29. Rxg5 Qxg5 30. Qxg5 hxg5 31. Ne4 Kg7 32. Rc1 g4 33. Rg1 a5 34. Rxg4+ Kf8 35. f6 a4 36. h4 axb3 37. axb3 Ra1+ 38. Kg2 Re1 39. Kf3 Rh1 40. Kg2 Re1 41. Nd2 e4 42. h5 f3+ 43. Nxf3 exf3+ 44. Kxf3 Rh1 45. Rg5 Rh4 46. Ke3 Bf4+ 0-1


[Site "https://www.chess.com"]

[Event "Titled Tuesday Blitz January 10 Early 2023"]
[White "Najdin, Danil"]
[Black "Ilkhomi, Jaloliddin"]
[WhiteFideId "4172426"]
[BlackFideId "14700948"]
[WhiteElo "2245"]
[BlackElo "2045"]
[Result "1-0"]
[Round "04"]
[TimeControl "180+1"]
[Date "2023.01.10"]
[WhiteClock "0:00:05"]
[BlackClock "0:00:10"]

1. e4 e6 2. d4 d5 3. Nd2 Nf6 4. e5 Nfd7 5. Bd3 c5 6. c3 Nc6 7. Ne2 cxd4 8. cxd4 f6 9. exf6 Qxf6 10. O-O Bd6 11. Nf3 h6 12. Ng3 O-O 13. Re1 Rf7 14. Nh5 Qe7 15. Bg6 Rxf3 16. Qxf3 Nxd4 17. Qd3 Nf8 18. Qxd4 Nxg6 19. Nf4 Qf7 20. Nxg6 Qxg6 21. Bf4 Bxf4 22. Qxf4 Bd7 23. Rac1 Rf8 24. Qe5 Qf7 25. Re2 Bb5 26. Rd2 Qg6 27. h4 Kh8 28. Rc7 Bc6 29. Re2 d4 30. Rxc6 bxc6 31. Qxd4 Qf5 32. Qxa7 Rd8 33. Qe3 Rd1+ 34. Kh2 Rd6 35. a4 c5 36. Qe5 Qxe5+ 37. Rxe5 Rd2 38. b3 Rxf2 39. Rxc5 Rb2 40. Rb5 Kg8 41. a5 Kf7 42. a6 Ra2 43. Rb7+ Kf6 44. a7 e5 45. b4 e4 46. Kg3 e3 47. b5 e2 48. Kf2 Kg6 49. b6 Ra6 50. Kxe2 Ra2+ 51. Kd3 Ra3+ 52. Kc4 Rxa7 53. bxa7 Kh5 54. a8=Q g5 55. hxg5 Kg4 56. gxh6 Kg3 57. Rg7+ Kh2 58. Qf3 Kg1 59. g4 Kh2 60. g5 Kg1 61. Qe2 Kh1 62. Rd7 Kg1 63. Rd1# 1-0


[Site "https://www.chess.com"]

[Event "Titled Tuesday Blitz January 10 Early 2023"]
[White "Martin Duque, Jesus"]
[Black "Wagner, Dennis"]
[WhiteFideId "2208954"]
[BlackFideId "24650684"]
[WhiteElo "2305"]
[BlackElo "2470"]
[Result "0-1"]
[Round "04"]
[TimeControl "180+1"]
[Date "2023.01.10"]
[WhiteClock "0:00:18"]
[BlackClock "0:00:10"]

1. Nf3 c5 2. b3 d5 3. e3 Nf6 4. Bb2 e6 5. c4 Nc6 6. cxd5 exd5 7. Bb5 Bd6 8. O-O O-O 9. d4 cxd4 10. Nxd4 Bc7 11. Be2 Qd6 12. g3 a6 13. Nd2 Bh3 14. Re1 Rfe8 15. Rc1 Ba5 16. a3 Nxd4 17. Bxd4 Qxa3 18. Bxf6 gxf6 19. Bd3 f5 20. Ra1 Qb4 21. Qh5 Bg4 22. Qg5+ Kh8 23. Nf3 Bxf3 24. Qf6+ Kg8 25. Qg5+ Kf8 26. Qh6+ Ke7 27. Qg5+ f6 28. Qg7+ Ke6 29. Qxh7 Be4 30. Bxe4 dxe4 31. Red1 Rad8 32. Rdc1 Rc8 33. Rcb1 Re7 34. Qh5 Bb6 35. g4 Qb5 36. Ra4 Rg8 37. Kh1 Rxg4 38. h3 Rg5 39. Qh4 Qe2 40. Rxe4+ fxe4 41. Qxe4+ Kf7 42. Qh7+ Rg7 43. Qh5+ Qxh5 0-1


[Site "https://www.chess.com"]

[Event "Titled Tuesday Blitz January 10 Early 2023"]
[White "Garcia Ramos, Daniel"]
[Black "Mesic, Ismet"]
[WhiteFideId "32010311"]
[BlackFideId "14411105"]
[WhiteElo "2341"]
[BlackElo "2197"]
[Result "1-0"]
[Round "04"]
[TimeControl "180+1"]
[Date "2023.01.10"]
[WhiteClock "0:00:13"]
[BlackClock "0:00:48"]

1. b3 d5 2. Bb2 Bg4 3. Nf3 Bxf3 4. exf3 Nf6 5. g3 e6 6. Bg2 Be7 7. O-O c5 8. f4 Nc6 9. Re1 O-O 10. d3 Nd7 11. Nd2 Bf6 12. c3 b5 13. Nf3 b4 14. d4 bxc3 15. Bxc3 cxd4 16. Nxd4 Nxd4 17. Bxd4 Bxd4 18. Qxd4 Qf6 19. Qd2 Rac8 20. Rac1 Nb6 21. a4 Qd8 22. a5 Nd7 23. b4 Rb8 24. Rc6 Nf6 25. Rec1 Qe7 26. Rc7 Qxb4 27. Qxb4 Rxb4 28. Rxa7 h5 29. a6 Ra4 30. Bf1 Ne4 31. Rac7 Ra8 32. Rc8+ Rxc8 33. Rxc8+ Kh7 34. Rc7 Kg6 35. a7 Ra1 36. Kg2 Nd6 37. Rc6 Nc4 38. Bd3+ Kf6 39. Rc7 g6 40. h4 Ra2 41. Bb1 Ra1 42. Bd3 Ra2 43. Bc2 Ra3 44. Kf1 Ra1+ 45. Ke2 e5 46. fxe5+ Nxe5 47. Kd2 d4 48. Bb3 Ra3 49. Kc2 Ra5 50. f4 d3+ 51. Kc3 d2 52. fxe5+ Kxe5 53. Kxd2 Ra3 54. Rxf7 Kd6 55. Kc2 Kc6 56. Kb2 Ra5 57. Bc2 Kb6 58. Be4 Rxa7 59. Rxa7 Kxa7 60. Bxg6 Kb6 61. Bxh5 Kc5 62. Kc3 Kd6 63. Kd3 Ke5 64. Ke3 Kf6 65. Kf3 1-0


[Site "https://www.chess.com"]

[Event "Titled Tuesday Blitz January 10 Early 2023"]
[White "Ortega Ruiz, Jose Miguel"]
[Black "Csonka, Balazs"]
[WhiteFideId "2209713"]
[BlackFideId "742910"]
[WhiteElo "2230"]
[BlackElo "2404"]
[Result "1-0"]
[Round "04"]
[TimeControl "180+1"]
[Date "2023.01.10"]
[WhiteClock "0:00:12"]
[BlackClock "0:00:01"]

1. Nf3 d5 2. g3 Nc6 3. Bg2 e5 4. O-O e4 5. Ne1 f5 6. d3 Nf6 7. dxe4 fxe4 8. Bg5 Be6 9. c4 dxc4 10. Nc3 Be7 11. Nc2 O-O 12. Bf4 Bd6 13. Bxd6 cxd6 14. Nxe4 Nxe4 15. Bxe4 d5 16. Bg2 Qf6 17. Bxd5 Rad8 18. Ne3 Rd6 19. Bxe6+ Qxe6 20. Qc2 b5 21. Rfd1 Nd4 22. Rxd4 Rxd4 23. b3 Rc8 24. Rc1 c3 25. Rd1 Rxd1+ 26. Qxd1 Qc6 27. Qc2 Qd6 28. b4 Qd7 29. Qb3+ Kh8 30. h4 Qd2 31. Qe6 Qd8 32. Qf5 Qf8 33. Qd3 Qe8 34. h5 Qc6 35. h6 gxh6 36. Qd4+ Kg8 37. Qg4+ Kf7 38. Qf5+ Ke7 39. Nd5+ Kd6 40. e4 Qd7 41. Qf4+ Kc6 42. Nxc3 Kb7 43. Nd5 Rc4 44. Kg2 Rd4 45. Qe5 Rc4 46. Nf6 Qc7 47. Qxb5+ Ka8 48. Qd5+ Qc6 49. Kf3 Qxd5 50. Nxd5 Rc2 51. a4 Rb2 52. a5 Rb3+ 53. Kg4 Kb7 54. f4 Kc6 55. f5 Kd6 56. Kf4 Rb1 57. g4 Rf1+ 58. Ke3 Ke5 59. Kd3 Rg1 60. Ne3 Rb1 61. Kc3 Rc1+ 62. Kd2 Rb1 63. Kd3 Rg1 64. Nc4+ Kf4 65. e5 Kxg4 66. e6 Rd1+ 67. Ke4 Rd8 68. Ne5+ Kh5 69. f6 1-0


[Site "https://www.chess.com"]

[Event "Titled Tuesday Blitz January 10 Early 2023"]
[White "Arabidze, Meri"]
[Black "Luukkonen, Tommi"]
[WhiteFideId "13604040"]
[BlackFideId "501808"]
[WhiteElo "2412"]
[BlackElo "2296"]
[Result "1-0"]
[Round "04"]
[TimeControl "180+1"]
[Date "2023.01.10"]
[WhiteClock "0:00:27"]
[BlackClock "0:00:26"]

1. d4 c5 2. d5 g6 3. Nc3 Bg7 4. e4 d6 5. Be2 Nf6 6. Nf3 O-O 7. O-O Na6 8. Re1 Bg4 9. h3 Bxf3 10. Bxf3 Rb8 11. Be2 Nc7 12. a4 Na6 13. Bf1 Nb4 14. Nb5 a6 15. Na3 a5 16. c3 Na6 17. Nb5 Ne8 18. Bg5 h6 19. Bf4 Nac7 20. Qd2 Nxb5 21. axb5 g5 22. Be3 b6 23. Be2 Nf6 24. Qc2 Nd7 25. Rf1 Ne5 26. Kh2 e6 27. Rad1 Qe7 28. Kg1 Ng6 29. Qd2 e5 30. g3 f5 31. exf5 Rxf5 32. Bg4 Rf6 33. Rde1 Rbf8 34. c4 Kh7 35. b3 Nf4 36. Qc2+ Kh8 37. gxf4 gxf4 38. Bc1 Qf7 39. Qe4 a4 40. bxa4 Ra8 41. Qc2 h5 42. Be6 Rg6+ 43. Kh2 Qf6 44. Rg1 Rh6 45. Rg2 f3 46. Rg3 Rh7 47. Reg1 e4 48. Qxe4 Qe5 49. Bf5 h4 50. Bxh7 hxg3+ 51. Rxg3 Qxe4 52. Bxe4 Be5 53. Bxf3 Rxa4 54. Be2 Ra2 55. f4 Rxe2+ 56. Rg2 Rxg2+ 57. Kxg2 Bd4 58. Kf3 Kg7 59. Be3 Bc3 60. Kg4 Kf6 61. h4 Bd4 62. Bxd4+ cxd4 63. h5 Kg7 64. f5 1-0


[Site "https://www.chess.com"]

[Event "Titled Tuesday Blitz January 10 Early 2023"]
[White "Papasimakopoulos, Alexandros"]
[Black "Sai Han Thiha"]
[WhiteFideId "4244125"]
[BlackFideId "13012290"]
[WhiteElo "2384"]
[BlackElo "1954"]
[Result "0-1"]
[Round "04"]
[TimeControl "180+1"]
[Date "2023.01.10"]
[WhiteClock "0:00:56"]
[BlackClock "0:00:04"]

1. d4 Nf6 2. c4 e6 3. Nc3 Bb4 4. Qc2 O-O 5. a3 Bxc3+ 6. Qxc3 b6 7. Bg5 Bb7 8. f3 h6 9. Bh4 d5 10. e3 c5 11. cxd5 g5 12. dxe6 gxh4 13. dxc5 fxe6 14. Bc4 Nd5 15. Qd4 bxc5 16. Qxc5 Qb6 17. Qxb6 axb6 18. Kf2 Ba6 19. Bxa6 Nxa6 20. Nh3 Nc5 21. Rad1 Ra4 22. e4 Nxe4+ 23. Ke2 Nec3+ 24. bxc3 Nxc3+ 25. Kf2 Nxd1+ 26. Rxd1 Rxa3 27. Rb1 Ra2+ 28. Kf1 Rc8 29. Nf4 Kf7 30. Nd3 Rcc2 31. h3 Rd2 32. Nf4 Rf2+ 33. Kg1 e5 34. Nd3 Rxg2+ 35. Kf1 Rh2 36. Kg1 Rag2+ 37. Kf1 Rh1+ 38. Kxg2 Rxb1 39. Nxe5+ Ke6 40. Nc6 Rb2+ 41. Kf1 Kf5 42. Nd4+ Kf4 43. Kg1 b5 44. Kf1 Kg3 45. Nf5+ Kxh3 46. Nxh6 Kg3 47. Nf5+ Kxf3 48. Nxh4+ Ke4 49. Ke1 b4 50. Kd1 Rf2 51. Kc1 Kd3 52. Ng6 Kc3 53. Kd1 b3 54. Ne7 Rd2+ 55. Ke1 b2 56. Nd5+ Rxd5 57. Ke2 b1=Q 58. Ke3 Qd3+ 59. Kf2 Rf5+ 60. Ke1 Rf1# 0-1


[Site "https://www.chess.com"]

[Event "Titled Tuesday Blitz January 10 Early 2023"]
[White "Girsh, Daniel"]
[Black "Martinez Ramirez, Lennis"]
[WhiteFideId "30949190"]
[BlackFideId "3509079"]
[WhiteElo "2075"]
[BlackElo "2439"]
[Result "0-1"]
[Round "04"]
[TimeControl "180+1"]
[Date "2023.01.10"]
[WhiteClock "0:00:07"]
[BlackClock "0:00:33"]

1. e4 c5 2. Nf3 d6 3. d4 cxd4 4. Nxd4 Nf6 5. Nc3 a6 6. h3 h5 7. g3 e5 8. Nde2 b5 9. Bg2 Bb7 10. O-O Nbd7 11. Bg5 Be7 12. a4 b4 13. Bxf6 Nxf6 14. Nd5 Nxd5 15. exd5 O-O 16. Kh2 h4 17. g4 Bc8 18. a5 f5 19. gxf5 Bxf5 20. f4 Rc8 21. c3 Bf6 22. Qd2 bxc3 23. Nxc3 exf4 24. Kh1 Be5 25. Rae1 Qd7 26. Rf3 Rc5 27. b4 Rc4 28. Ne2 Be4 29. Ng1 Bxf3 30. Nxf3 Bf6 31. Qd3 Qc8 32. Bf1 Rxb4 33. Qxa6 Qxa6 34. Bxa6 Ra4 35. Bb5 Rxa5 36. Bd7 Rfa8 37. Re6 Rxd5 38. Kg2 Ra2+ 39. Kf1 Rd1+ 40. Ne1 Kf7 41. Re4 Raa1 42. Bg4 g5 43. Bxd1 Rxd1 44. Ke2 Rd4 45. Kf3 Rd1 46. Ng2 Rf1+ 47. Kg4 Rg1 48. Kf3 Be5 49. Ra4 Ke6 50. Ra8 Kf5 51. Rf8+ Bf6 52. Kf2 Rb1 53. Ne1 Rb2+ 54. Kf1 Rb3 55. Kg2 Rg3+ 56. Kh2 d5 57. Re8 Be5 58. Rf8+ Ke4 59. Ng2 f3 60. Ne1 Rg2+ 61. Kh1 Rh2+ 62. Kg1 Rxh3 63. Kf2 Bd4+ 64. Kf1 Rh1# 0-1


[Site "https://www.chess.com"]

[Event "Titled Tuesday Blitz January 10 Early 2023"]
[White "Atakhan, Abtin"]
[Black "Dudzinski, Pawel"]
[WhiteFideId "22502203"]
[BlackFideId "1117890"]
[WhiteElo "2189"]
[BlackElo "2099"]
[Result "0-1"]
[Round "04"]
[TimeControl "180+1"]
[Date "2023.01.10"]
[WhiteClock "0:00:09"]
[BlackClock "0:00:05"]

1. c4 e5 2. g3 c5 3. Bg2 Nc6 4. Nc3 g6 5. d3 Bg7 6. Nf3 Nge7 7. O-O Rb8 8. Ne1 a6 9. b3 b5 10. Bb2 d6 11. Nc2 O-O 12. Ne3 f5 13. Ned5 f4 14. e3 b4 15. Ne4 Nxd5 16. cxd5 Ne7 17. exf4 exf4 18. Bxg7 Kxg7 19. d4 Nxd5 20. dxc5 dxc5 21. Nxc5 Nc3 22. Qxd8 Rxd8 23. Rfe1 fxg3 24. hxg3 Kf7 25. a3 Rb5 26. axb4 Rxb4 27. Re3 Rd1+ 28. Rxd1 Nxd1 29. Rd3 Nb2 30. Rd2 Rb5 31. Ne4 Rxb3 32. Nd6+ Kf6 33. Nxc8 Nc4 34. Rd7 Rb1+ 35. Kh2 Rb2 36. Rc7 Ne5 37. Nd6 Ng4+ 38. Kg1 Nxf2 39. Rf7+ Ke6 40. Rxf2 Rxf2 41. Kxf2 Kxd6 42. Kf3 Ke5 43. Kg4 h6 44. Bf1 a5 45. Bb5 Kf6 46. Kf4 Ke6 47. Be8 Kf6 48. Ke4 Kg5 49. Kf3 h5 50. Bd7 h4 51. g4 h3 52. Kg3 a4 53. Kxh3 a3 54. Be6 Kf4 55. Kh4 Ke5 56. Bf7 Kf4 57. Ba2 Kf3 58. Kg5 Kg3 59. Bd5 Kh3 60. Kf4 Kh4 61. Be6 Kh3 62. Bc4 Kh4 63. Bd5 Kh3 64. Be6 Kh4 65. Ba2 Kh3 66. Kg5 Kg3 67. Be6 Kf3 68. Bf7 Kg3 69. Bd5 Kh3 0-1


[Site "https://www.chess.com"]

[Event "Titled Tuesday Blitz January 10 Early 2023"]
[White "Golizadeh, Asghar"]
[Black "Taboas Rodriguez, Daniel"]
[WhiteFideId "12505269"]
[BlackFideId "2208466"]
[WhiteElo "2403"]
[BlackElo "2365"]
[Result "1-0"]
[Round "04"]
[TimeControl "180+1"]
[Date "2023.01.10"]
[WhiteClock "0:00:02"]
[BlackClock "0:00:03"]

1. e4 e5 2. Bc4 Nf6 3. d3 Nc6 4. Nc3 Bc5 5. f4 d6 6. Nf3 Be6 7. Bxe6 fxe6 8. fxe5 dxe5 9. Na4 Qd6 10. Nxc5 Qxc5 11. Qe2 O-O 12. Be3 Qd6 13. O-O-O Ng4 14. h3 Nxe3 15. Qxe3 Rf6 16. d4 exd4 17. Nxd4 Nxd4 18. e5 Qc5 19. Rxd4 Rff8 20. Rhd1 Rad8 21. Qd2 Rxd4 22. Qxd4 Qxd4 23. Rxd4 Rf1+ 24. Kd2 Rf2+ 25. Kc3 Rxg2 26. Rd8+ Kf7 27. Rd7+ Kg6 28. Rxc7 Rg3+ 29. Kd4 Rxh3 30. Rxb7 h5 31. c4 h4 32. c5 Rh1 33. Rb3 Rd1+ 34. Rd3 Rxd3+ 35. Kxd3 h3 36. c6 h2 37. c7 h1=Q 38. c8=Q Qd5+ 39. Kc2 Qxa2 40. Qe8+ Kf5 41. Qf7+ Kxe5 42. Qxg7+ Kd6 43. Qf8+ Kd5 44. Qd8+ Ke4 45. Qh4+ Kf5 46. Qh5+ Kf6 47. Qh6+ Kf7 48. Qh7+ Ke8 49. Qg8+ Ke7 50. Qg7+ Kd6 51. Qf8+ Ke5 52. Qg7+ Kd5 53. Qg5+ Kc6 54. Qg2+ Qd5 55. Qg7 Qc4+ 56. Kb1 a5 57. Qe7 a4 58. Ka1 Qc1+ 59. Ka2 Qc4+ 60. Ka1 Qb3 61. Qe8+ Kd6 62. Qd8+ Ke5 63. Qg5+ Ke4 64. Qg4+ Kd5 65. Qg5+ e5 66. Qd8+ Ke4 67. Qh4+ Ke3 68. Qg3+ Kd4 69. Qf2+ Kd5 70. Qf7+ Kc5 71. Qc7+ Kd4 72. Qg7 Qd1+ 73. Ka2 Qb3+ 74. Ka1 Qb5 75. Ka2 Qd5+ 76. Ka1 Qc6 77. Qg1+ Kd5 78. Qg2+ Kc5 79. Qc2+ Kb6 80. Qf2+ Qc5 81. Qf6+ Kb5 82. Qf1+ Qc4 83. Qf5 Qc1+ 84. Ka2 Qc4+ 85. Ka1 Qd4 86. Qf1+ Kb4 87. Qe1+ Kb3 88. Qg3+ Kc2 89. Qg2+ Kc1 90. Qf1+ Qd1 91. Qf2 e4 92. Ka2 Qb3+ 93. Ka1 e3 94. Qe1+ Kc2 95. Qe2+ Kc1 96. Qe1+ Qd1 97. Qc3+ Qc2 98. Qxe3+ Qd2 99. Qg1+ Kc2 100. Qg6+ Kc1 101. Qb1# 1-0


[Site "https://www.chess.com"]

[Event "Titled Tuesday Blitz January 10 Early 2023"]
[White "Urbina Perez, Juan Antonio"]
[Black "Volkov, Maksim"]
[WhiteFideId "2217368"]
[BlackFideId "54123070"]
[WhiteElo "2197"]
[BlackElo "2257"]
[Result "0-1"]
[Round "04"]
[TimeControl "180+1"]
[Date "2023.01.10"]
[WhiteClock "0:00:01"]
[BlackClock "0:00:30"]

1. e4 c5 2. Nf3 d6 3. d4 cxd4 4. Nxd4 Nf6 5. Nc3 a6 6. Be3 e5 7. Nf3 Be7 8. Bc4 Be6 9. Bxe6 fxe6 10. Qe2 Nc6 11. Qc4 Qd7 12. Ng5 d5 13. Qb3 d4 14. O-O-O Nd8 15. f4 Ng4 16. Bg1 Qc6 17. Ne2 O-O 18. h3 Nh6 19. Nf3 Qxe4 20. Re1 Rc8 21. Nexd4 Qxf4+ 22. Be3 Qf7 23. Nxe5 Qh5 24. Nxe6 Nxe6 25. Qxe6+ Nf7 26. Nxf7 Qxf7 27. Qxf7+ Rxf7 28. Rhf1 Bf6 29. c3 b5 30. Kc2 b4 31. Bd2 Rcf8 32. Rf3 Rc8 33. Ref1 Rfc7 34. g3 a5 35. g4 a4 36. g5 Be5 37. Rf5 Rc5 38. Be3 Rb5 39. Kd3 bxc3 40. bxc3 Rxc3+ 41. Ke4 Rc4+ 42. Kd3 Rc8 43. Bd2 Rd8+ 44. Ke2 Re8 45. Kd3 Rd5+ 46. Kc2 Rc8+ 47. Kd1 Rcd8 48. R1f2 g6 49. Rf7 Bc3 0-1


[Site "https://www.chess.com"]

[Event "Titled Tuesday Blitz January 10 Early 2023"]
[White "Heinemann, Josefine"]
[Black "Korchmar, Vasiliy"]
[WhiteFideId "12900460"]
[BlackFideId "24131750"]
[WhiteElo "2342"]
[BlackElo "2370"]
[Result "0-1"]
[Round "04"]
[TimeControl "180+1"]
[Date "2023.01.10"]
[WhiteClock "0:00:01"]
[BlackClock "0:00:05"]

1. e4 c5 2. Nf3 d6 3. Bb5+ Nc6 4. O-O e5 5. c3 Bd7 6. Re1 g6 7. d4 cxd4 8. cxd4 Bg7 9. Be3 Nf6 10. Nc3 O-O 11. Bxc6 Bxc6 12. dxe5 dxe5 13. Nxe5 Bxe4 14. Nxe4 Nxe4 15. Nc4 b5 16. Nd2 Nxd2 17. Qxd2 Qxd2 18. Bxd2 Rfd8 19. Bc3 Bxc3 20. bxc3 Rdc8 21. Rab1 a6 22. Re3 Rc4 23. g3 Rd8 24. Rb3 Rd2 25. Ra3 Rc6 26. Rf3 Rc2 27. h4 f5 28. Kg2 Kf7 29. h5 Kf6 30. hxg6 hxg6 31. Ra5 Rd6 32. a4 Ra2 33. Rf4 g5 34. Rd4 Re6 35. c4 b4 36. Rdd5 b3 37. Rxf5+ Ke7 38. Rf3 Rb6 39. Re5+ Kd6 40. Rd5+ Ke6 41. Re3+ Kf6 42. c5 b2 43. cxb6 b1=Q 44. Rd6+ Kf7 45. Rd7+ Kf6 46. Rd6+ Kf5 47. Rd5+ Kg6 48. Rd6+ Kh5 49. g4+ Kxg4 50. Rd4+ Kh5 51. Rh3+ Kg6 52. Rd6+ Kf5 53. Rf3+ Ke5 54. Rdf6 Rb2 55. Rf8 Rxb6 56. Re3+ Kd6 57. Rd8+ Kc7 58. Rdd3 Rd6 59. Rc3+ Rc6 60. Rb3 Qf5 61. Rbd3 Qg4+ 62. Rg3 Qxa4 63. Rde3 Qb5 64. Re7+ Kb6 65. Rg7 Qd5+ 66. Kh2 Rh6+ 67. Kg1 Rh1# 0-1


[Site "https://www.chess.com"]

[Event "Titled Tuesday Blitz January 10 Early 2023"]
[White "Tologon tegin, Semetei"]
[Black "Szyszylo, Rafal"]
[WhiteFideId "13800574"]
[BlackFideId "1109626"]
[WhiteElo "2247"]
[BlackElo "1951"]
[Result "1-0"]
[Round "04"]
[TimeControl "180+1"]
[Date "2023.01.10"]
[WhiteClock "0:00:03"]
[BlackClock "0:00:06"]

1. e4 d6 2. d4 Nf6 3. Nc3 g6 4. Bf4 c6 5. Qd2 b5 6. Bd3 Nbd7 7. Nf3 Nb6 8. O-O Bg7 9. a4 Nc4 10. Bxc4 bxc4 11. e5 dxe5 12. Nxe5 Bb7 13. Nxc4 O-O 14. Rfe1 Rc8 15. Rad1 e6 16. Bd6 Re8 17. Be5 Re7 18. Nd6 Ra8 19. Qd3 a5 20. Qf3 Nd5 21. Bxg7 Kxg7 22. Nde4 Nxc3 23. Qf6+ Kg8 24. bxc3 Rd7 25. Qf4 Kg7 26. Rd3 Rd5 27. Rh3 h5 28. Nc5 Bc8 29. Rg3 Rf5 30. Qe3 Qd5 31. h4 Rb8 32. Qd3 Rf4 33. Re5 Qd6 34. Re1 Rb2 35. Qd2 Rxh4 36. Qg5 Rg4 37. Rxg4 hxg4 38. Qxg4 Rxc2 39. Ne4 Qe7 40. Qf4 Ra2 41. Qe5+ Kg8 42. Qb8 Qd8 43. Re3 Kg7 44. Kh2 Qh8+ 45. Rh3 Qf8 46. Qe5+ f6 47. Nxf6 Rxf2 48. Rh7# 1-0


[Site "https://www.chess.com"]

[Event "Titled Tuesday Blitz January 10 Early 2023"]
[White "Boder, Jan"]
[Black "Sourath Biswas"]
[WhiteFideId "16243226"]
[BlackFideId "35091484"]
[WhiteElo "2241"]
[BlackElo "2164"]
[Result "1-0"]
[Round "04"]
[TimeControl "180+1"]
[Date "2023.01.10"]
[WhiteClock "0:00:06"]
[BlackClock "0:00:21"]

1. c4 Nf6 2. g3 g6 3. Bg2 Bg7 4. Nc3 O-O 5. e4 d6 6. Nge2 c5 7. O-O Nc6 8. d3 a6 9. Rb1 Rb8 10. a3 Bd7 11. b4 cxb4 12. axb4 b5 13. cxb5 axb5 14. d4 e5 15. d5 Ne7 16. f3 Qb6+ 17. Kh1 Kh8 18. Qd3 Ra8 19. Be3 Qb7 20. Ra1 Rfc8 21. Kg1 Nfg8 22. Qd2 f5 23. Qb2 Nf6 24. h3 h6 25. Rxa8 Rxa8 26. Nc1 g5 27. Nb3 g4 28. Na5 Qa6 29. hxg4 fxg4 30. f4 Nh5 31. f5 Nxg3 32. f6 Nxf1 33. fxg7+ Kxg7 34. Bxf1 Ng6 35. Qh2 Rh8 36. Ne2 h5 37. Ng3 h4 38. Nf5+ Bxf5 39. exf5 Ne7 40. Qf2 Ng8 41. Bg5 Qc8 42. Bxh4 Nf6 43. Bxf6+ Kxf6 44. Nc6 Qxf5 45. Qxf5+ Kxf5 46. Bd3+ Kf4 47. Bxb5 Rh3 48. Bc4 Rc3 49. Bf1 g3 50. b5 Kf3 51. Bg2+ Ke3 52. Ne7 Rc1+ 53. Bf1 Kf3 54. Ng6 Ke3 55. Nh4 Rb1 56. Kg2 Kd4 57. Nf3+ Kxd5 58. Nd2 Kc5 59. Kxg3 Rb2 60. Ne4+ Kb6 61. Nxd6 Rb3+ 62. Kg4 Rd3 63. Bxd3 Kc5 64. Ne4+ Kd4 65. Bf1 Kd5 66. Kf3 Kd4 67. Nf6 Kc5 68. Ke4 Kb6 69. Kxe5 Kc5 70. Ne4+ Kb6 71. Kd5 Ka5 72. Kc5 Ka4 73. b6 Kb3 74. b7 Kc2 75. b8=Q Kd1 76. Qd6+ Ke1 77. Nf6 Kxf1 78. Qf4+ Ke2 79. Ng4 Kd3 80. Qf3+ Kc2 81. Qf2+ Kd3 82. Qf3+ Kc2 83. Kd4 Kd2 84. Qd3+ Kc1 85. Qe2 Kb1 86. Kc3 Ka1 87. Qb2# 1-0


[Site "https://www.chess.com"]